 Dungeon Crawl Stone Soup version 0.27.0-1-g7a089689b8 (webtiles) character file.

Game seed: 8941739849896357165

28 Brandom the Chopper (level 3, -4/33 HPs)
             Began as a Minotaur Chaos Knight on Aug 1, 2021.
             Was a Plaything of Xom.
             Slain by Natasha (6 damage)
             ... on level 2 of the Dungeon.
             The game lasted 00:02:31 (1405 turns).

Brandom the Chopper (Minotaur Chaos Knight)         Turns: 1405, Time: 00:02:32

Health: -4/33      AC:  5    Str: 17    XL:     3   Next: 0%
Magic:  2/2        EV: 10    Int:  9    God:    Xom [..*...]
Gold:   46         SH:  0    Dex:  9    Spells: 2/2 levels left

rFire    . . .     SeeInvis .   a - +0 hand axe (chaos)
rCold    . . .     Faith    .   (no shield)
rNeg     . . .     Spirit   .   d - +0 ring mail
rPois    .         Reflect  .   (helmet restricted)
rElec    .         Harm     .   (no cloak)
rCorr    .         Rampage  .   (no gloves)
Will     .....                  (no boots)
Stlth    ..........             (no amulet)
HPRegen  0.11/turn              (no ring)
MPRegen  0.08/turn              (no ring)

@: very slightly contaminated, invisible
A: horns 2, retaliatory headbutt
a: Renounce Religion


You were on level 2 of the Dungeon.
You worshipped Xom.
You were a toy of Xom.
You visited 1 branch of the dungeon, and saw 2 of its levels.

You collected 46 gold pieces.

Inventory:

Hand Weapons
 a - a +0 hand axe of chaos (weapon)
Missiles
 m - 8 poisoned darts (quivered)
Armour
 b - a +2 leather armour
 d - a +0 ring mail (worn)
   (You found it on level 1 of the Dungeon)
 l - a +0 pair of gloves
   (You found it on level 2 of the Dungeon)
Jewellery
 f - a ring of fire
   (You found it on level 1 of the Dungeon)
 k - a ring of magical power
   (You found it on level 2 of the Dungeon)
Wands
 v - a wand of digging (5)
   (You found it on level 2 of the Dungeon)
Scrolls
 e - a scroll of torment {unknown}
 h - a scroll of fear {unknown}
 j - a scroll of blinking {unknown}
Potions
 c - a potion of berserk rage {unknown}
 g - 2 potions of curing {unknown}
 i - a potion of attraction {unknown}


   Skills:
 + Level 4.0 Fighting
 * Level 4.2 Axes
 + Level 2.9 Armour
 + Level 1.6 Dodging


You had 2 spell levels left.
You didn't know any spells.
Your spell library was empty.

Dungeon Overview and Level Annotations

Branches:
Dungeon (2/15)

Altars:

Annotations:
D:2 Natasha


Innate Abilities, Weirdness & Mutations

You have a pair of horns on your head.
You reflexively headbutt those who attack you in melee.


Message History

Your experience leads to an increase in your attributes!
Increase (S)trength, (I)ntelligence, or (D)exterity?
You feel stronger.
You open the door.
Found an escape hatch in the ceiling.
There is an open door here.
You open the door. You open the door.
There is an open door here.
Natasha, Servant of Life and Death comes into view.
Natasha hisses angrily.
Natasha stares at you and mumbles some strange words.
The magic dart hits you.
Natasha mumbles some strange words.
Natasha glows brightly for a moment.
Natasha claws you!
You hit Natasha but do no damage.
Natasha seems to speed up.
Natasha claws you but does no damage. Natasha completely misses you.
You barely miss Natasha. Natasha claws you but does no damage.
You closely miss Natasha.
Xom snickers.
Your ring mail briefly appears rusty.
Natasha closely misses you. Natasha claws you but does no damage.
You completely miss Natasha. You headbutt Natasha. Natasha closely misses you.
You furiously retaliate!
You headbutt Natasha. Natasha misses you.
Unknown command.
You hit Natasha. You burn Natasha. Natasha claws you.
Unknown command.
You closely miss Natasha. Xom grants you a minor favour.
You fade into invisibility!
Natasha barely misses you.
Natasha stares at you and mumbles some strange words.
The magic dart hits you.
* * * LOW HITPOINT WARNING * * *
You are very lightly contaminated with residual magic.
Unknown command.
You are too injured to fight recklessly!
You closely miss Natasha. Natasha claws you.
* * * LOW HITPOINT WARNING * * *
Unknown command.
You closely miss Natasha. Natasha claws you but does no damage.
Natasha casts a spell.
Unknown command.
You barely miss Natasha. You hit the shadow imp.
The shadow imp convulses.
Natasha claws you.
* * * LOW HITPOINT WARNING * * *
The shadow imp barely misses you. Natasha claws you.
You die...
Xom titters!

## #. #. ####.
#.
######.#.###....
.........h....#
#....@# #.#
##..5#.# #.#
##.###.# #.# #.#
#.. #.# #.# ###
.# #.# ##'##
.### #.# ##...##
...# #.#
##.....## #.#.#
##.##
##.......##
##....#


You could see Natasha (fast) and a shadow imp (summoned).

Vanquished Creatures
  A dart slug (D:1)
  An endoplasm (D:1)
  3 giant cockroaches
  A goblin (D:1)
  A hobgoblin (D:2)
  3 jackals (D:1)
  A quokka (D:2)
  3 ball pythons (D:1)
  2 bats (D:1)
  2 frilled lizards (D:1)
  3 kobolds
  5 rats
26 creatures vanquished.

Notes
Turn   | Place    | Note
-------+----------+-------------------------------------------
     0 | D:1      | Brandom the Minotaur Chaos Knight began the quest for the
                  | Orb.
     0 | D:1      | Reached XP level 1. HP: 19/19 MP: 0/0
    72 | D:1      | Found a faded altar of an unknown god.
   113 | D:1      | Reached XP level 2. HP: 27/27 MP: 1/1
   217 | D:1      | XOM: divination: detect items
   381 | D:1      | XOM: silly message
  1024 | D:2      | XOM: 5-stop teleportation journey
  1371 | D:2      | XOM: silly message
  1372 | D:2      | Reached XP level 3. HP: 33/33 MP: 2/2
  1394 | D:2      | Noticed Natasha
  1399 | D:2      | XOM: silly message
  1402 | D:2      | XOM: potion effect (invisibility)
  1405 | D:2      | Slain by Natasha

Illustrated notes

Levels and vault maps discovered:
D:1:      dpeg_arrival_round_a, layout_loops_cross,
          chequers_ecumenical_altar_twisty
D:2:      layout_loops_corners, uniq_natasha

Skill      XL: |  1  2 |
---------------+-------+-----
Axes           | 4 |  4.2
Fighting       | 4 |  4.0
Armour         | |  2.9
Dodging        | |  1.6

Action                   || total
-------------------------++-------
Melee: Hand axe          ||    45
       Headbutt          ||     8
Armor: Ring mail         ||    18
       Leather armour    ||     1
Dodge: Dodged            ||    34
